 Dungeon Crawl Stone Soup version 0.29.1-13-g9f3cf754e1 (webtiles) character file.

Game seed: 17036948688415655111

30 shadowmeld the Magician (level 3, 0/26 HPs)
             Began as a Djinni Ice Elementalist on Feb 2, 2023.
             Slain by Grinder (7 damage)
             ... on level 3 of the Dungeon.
             The game lasted 00:06:00 (1830 turns).

shadowmeld the Magician (Djinni Ice Elementalist)   Turns: 1830, Time: 00:06:03

Health: 0/26       AC:  2    Str:  7    XL:     3   Next: 37%
Gold:   90         EV: 12    Int: 18    God:
                   SH:  0    Dex: 13

rFire   + + .      SeeInvis .   (no weapon)
rCold   x . .      Faith    .   (no shield)
rNeg    . . .      Spirit   .   a - +0 robe
rPois   ∞          Reflect  .   (no helmet)
rElec   .          Harm     .   (no cloak)
rCorr   .          Rampage  .   (no gloves)
Will    .....                   (boots unavailable)
Stlth   ++........              (no amulet)
HPRegen 0.08/turn               (no ring)
MPRegen 0.00/turn               (no ring)

@: flying, very slightly contaminated
A: sickness immunity, fire resistance 2, cold vulnerability 1, float, innate
caster, HP casting, extra vitality 1
a: no special abilities


You were on level 3 of the Dungeon.
You visited 1 branch of the dungeon, and saw 3 of its levels.

You collected 90 gold pieces.

Inventory:

Armour
 a - a +0 robe (worn)
Scrolls
 b - 2 scrolls of butterflies {unknown}
 c - 5 scrolls of identify {unknown}
 d - a scroll of acquirement {unknown}
 f - a scroll of fear {unknown}
 g - 2 scrolls of immolation {unknown}
 h - a scroll of poison {unknown}
 i - 2 scrolls of enchant weapon {unknown}
Potions
 e - a potion of attraction {unknown}


   Skills:
 * Level 0.5 Fighting
 * Level 2.3 Dodging
 - Level 1.5 Stealth
 * Level 3.9 Spellcasting


You couldn't memorise any spells.
You knew the following spells:

 Your Spells              Type           Power      Damage    Failure   Level
a - Freeze                Ice            68%        1d8       3%          1
b - Frozen Ramparts       Ice            34%        1d6       9%          3
c - Ozocubu's Armour      Ice            17%        N/A       9%          3
d - Hailstorm             Conj/Ice       17%        3d6       30%         4
e - Foxfire               Conj/Fire      68%        2x1d7     3%          1
Your spell library was empty.

Dungeon Overview and Level Annotations

Branches:
Dungeon (3/15)

Altars:
Wu Jian

Annotations:
D:3 Grinder


Innate Abilities, Weirdness & Mutations

You are immune to sickness and miasma.
You are immune to poison.
Your flesh is very heat resistant. (rF++)
You are vulnerable to cold. (rC-)
You float through the air rather than walking.
You learn spells naturally, not from books.
Your magical power is your life essence.
You have superior vitality. (+4 MHP)


Message History

The foxfire hits Grinder.
Grinder is moderately wounded.
The foxfire hits Grinder.
Grinder is moderately wounded.
Grinder gestures at you. You resist with significant effort.
Casting: Foxfire (safe; 3% risk of failure)
Confirm with . or Enter, or press ? or * to list all spells.
You conjure some foxfire!
Grinder blinks!
Casting: Foxfire (safe; 3% risk of failure)
Confirm with . or Enter, or press ? or * to list all spells.
You miscast Foxfire.
You are very lightly contaminated with residual magic.
Nothing appears to happen.
Your foxfire dissipates!
Grinder says, "I used to sell toenails on the black market."
Grinder gestures at you. Pain shoots through your body!
Casting: Foxfire (safe; 3% risk of failure)
Confirm with . or Enter, or press ? or * to list all spells.
You conjure some foxfire!
The foxfire hits Grinder but does no damage.
Grinder is moderately wounded.
The foxfire hits Grinder but does no damage.
Grinder is moderately wounded.
Casting: Foxfire (safe; 3% risk of failure)
Confirm with . or Enter, or press ? or * to list all spells.
You conjure some foxfire!
Aiming: Freeze (safe; 3% risk of failure)
Press: ? - help, Q - select action, (/) - cycle Shift-Dir - straight line, f - Grinder
Aim: Grinder (moderately wounded, ally target)
You freeze Grinder.
Grinder resists.
Grinder is moderately wounded.
* * * LOW HITPOINT WARNING * * *
The foxfire hits Grinder but does no damage.
Grinder is moderately wounded.
The foxfire hits Grinder.
Grinder is heavily wounded.
Grinder hits you!
You die...

###..........#..#
#..#...##...#...#
#...#..##..#.(..#
#....#....#.....#
#.....#..#......#
#..##..##..##....
##.##..##..##.#.#
#.....#5.#....#
#....#..@§#..
#...#..##..#..
##.#...##...#.
##.....§....#
########.....
######


You could see Grinder.

Vanquished Creatures
  A worm (D:2)
  2 dart slugs
  A giant cockroach (D:2)
  2 hobgoblins (D:1)
  2 kobolds (D:1)
  A quokka (D:1)
  3 ball pythons
  3 bats
  A frilled lizard (D:1)
  4 goblins
  2 rats
22 creatures vanquished.

Vanquished Creatures (others)
  18 foxfires
  A plant (D:1)
19 creatures vanquished.

Grand Total: 41 creatures vanquished

Notes
Turn   | Place    | Note
-------+----------+-------------------------------------------
     0 | D:1      | shadowmeld the Djinni Ice Elementalist began the quest for
                  | the Orb.
     0 | D:1      | shadowmeld set off with the following spells memorised:
                  | Freeze, Frozen Ramparts, Ozocubu's Armour, Hailstorm.
     0 | D:1      | Reached XP level 1. HP: 15/15 MP: 0/0
   426 | D:1      | Reached XP level 2. HP: 20/21 MP: 0/0
  1134 | D:2      | Reached XP level 3. HP: 21/26 MP: 0/0
  1134 | D:2      | Learned a level 1 spell: Foxfire
  1334 | D:2      | Identified the +0 helmet "Zogguweja" {Rampage +Blink rN++
                  | Int-5}
  1789 | D:3      | Found an ornate altar of the Wu Jian Council.
  1811 | D:3      | Noticed Grinder
  1830 | D:3      | Slain by Grinder

Illustrated notes

Levels and vault maps discovered:
D:1:      kennysheep_arrival_seaside, layout_basic
D:2:      layout_loops_ring, basic_altar
D:3:      layout_rooms, mainiacjoe_overflow_alcove_4, grunt_gozag_breadcrumbs,
          shapermc_ecumenical_altar_pompeii, minivault_26, uniq_grinder

Action                   || total
-------------------------++-------
 Cast: Freeze            ||    33
       Foxfire           ||    12
Armor: Robe              ||     1
Dodge: Dodged            ||     9
